 Dungeon Crawl Stone Soup version 0.27.1-2-g3b301248ec (webtiles) character file.

Game seed: 5499047552418759671

15231 Borgoz the Fighter (level 12, -2/120 HPs)
             Began as a Gargoyle Berserker on Sept 23, 2021.
             Was an Elder of Trog.
             Slain by an entropy weaver simulacrum (13 damage)
             ... in an ice cave.
             The game lasted 00:19:44 (14662 turns).

Borgoz the Fighter (Gargoyle Berserker)            Turns: 14662, Time: 00:19:45

Health: -2/120     AC: 24    Str: 23    XL:     12   Next: 24%
Magic:  12/12      EV: 18    Int: 14    God:    Trog [****..]
Gold:   567        SH:  5    Dex: 12    Spells: 11/11 levels left

rFire    . . .     SeeInvis .   q - +1 flail
rCold    + . .     Faith    .   (no shield)
rNeg     + . .     Spirit   .   m - +2 ring mail {rC+}
rPois    ∞         Reflect  +   d - +0 helmet
rElec    +         Harm     .   L - +0 cloak {Will+}
rCorr    .         Rampage  .   C - +2 pair of gloves
Will     +....                  (no boots)
Stlth    ..........             E - amulet of reflection
HPRegen  0.30/turn              g - +4 ring of evasion
MPRegen  0.13/turn              n - +6 ring of intelligence

@: berserking, very quick
A: sickness immunity, AC +8, negative energy resistance 1, electricity
resistance, torment resistance 1, petrification resistance
a: Renounce Religion, Berserk, Trog's Hand, Brothers in Arms


You were in an ice cave.
You worshipped Trog.
Trog was greatly pleased with you.
You visited 2 branches of the dungeon, and saw 12 of its levels.
You also visited: Sewer and Ice Cave.

You collected 567 gold pieces.

Inventory:

Hand Weapons
 q - a +1 flail (weapon)
 G - the +7 quarterstaff of Offence {venom, rC+ Will+}
   (You found it on level 10 of the Dungeon)

   It poisons the flesh of those it strikes.
   rC:        It protects you from cold.
   Will:      It increases your willpower.
 J - a +0 great mace
Missiles
 x - a throwing net (quivered)
Armour
 d - a +0 helmet (worn)
 m - a +2 ring mail of cold resistance (worn)
 t - the +1 pair of gloves "Liprauwk" {rPois}
   (You found it on level 4 of the Dungeon)

   rPois:     It protects you from poison.
 z - the +3 hat of Pondering {ponderous, Will+ MP+10 Int+5}
   (You took it off Gastronok on level 9 of the Dungeon)

   Int:       It affects your intelligence (+5).
   MP:        It affects your magic capacity (+10).
   Will:      It increases your willpower.
 B - +0 steam dragon scales
 C - a +2 pair of gloves (worn)
 I - a +1 cloak of stealth
 L - a +0 cloak of willpower (worn)
Jewellery
 g - a +4 ring of evasion (left hand)
 n - a +6 ring of intelligence (right hand)
 r - the ring of Descent {Wiz Int+7 Dex-5 SInv}
   (You found it on level 4 of the Dungeon)

   [ring of wizardry]

   It improves your spell success rate.
   Int:       It affects your intelligence (+7).
   Dex:       It affects your dexterity (-5).
   SInv:      It lets you see invisible.
 E - an amulet of reflection (around neck)
Wands
 A - a wand of paralysis (11)
 D - a wand of acid (11)
 K - a wand of flame (38)
Scrolls
 h - 2 scrolls of summoning
 j - 3 scrolls of fear
 o - 6 scrolls of teleportation
 s - 2 scrolls of enchant weapon
 y - 2 scrolls of fog
 H - a scroll of brand weapon {unknown}
Potions
 a - 3 potions of heal wounds
 b - 4 potions of haste
 c - 2 potions of cancellation
 e - 4 potions of curing
 f - a potion of flight
 i - a potion of attraction
 k - 4 potions of ambrosia
 l - 4 potions of mutation
 p - 6 potions of berserk rage
 u - 2 potions of resistance
 v - 2 potions of magic
 w - 2 potions of might
 F - a potion of brilliance {unknown}


   Skills:
 + Level 11.1 Fighting
 + Level 10.3 Maces & Flails
 + Level 10.9 Armour
 + Level 8.5 Dodging


You had 11 spell levels left.
You didn't know any spells.
Your spell library was empty.

Dungeon Overview and Level Annotations

Branches:
Dungeon (11/15)            Temple (1/1) D:4             Orc (0/2) D:11
  Sewer (visited)           IceCv (1/1)
   Lair: D:8-11

Altars:
Ashenzari
Cheibriados
Dithmenos
Elyvilon
Fedhas
Gozag
Hepliaklqana
Kikubaaqudgha
Makhleb
Nemelex Xobeh
Okawaru
Qazlal
Ru
Sif Muna
Trog
Uskayaw
Vehumet
Wu Jian
Xom
Yredelemnul
Zin
The Shining One

Shops:
D:5 *


Innate Abilities, Weirdness & Mutations

You are immune to sickness and miasma.
Your stone body is resilient. (AC +8)
You are immune to poison.
You resist negative energy. (rN+)
You are resistant to electric shocks. (rElec)
You are resistant to unholy torment.
You are immune to petrification.


Message History

The entropy weaver simulacrum is moderately damaged.
You hit the entropy weaver simulacrum but do no damage.
The entropy weaver simulacrum is moderately damaged.
The entropy weaver simulacrum barely misses you.
You block the entropy weaver simulacrum's attack.
The entropy weaver simulacrum hits you but does no damage. x2
You recover from your berserk rage.
A red film seems to cover your vision as you go berserk!
You feel yourself moving faster!
You feel mighty!
The entropy weaver simulacrum hits you but does no damage.
The entropy weaver simulacrum hits you.
The entropy weaver simulacrum freezes you!
You resist. The entropy weaver simulacrum hits you.
The entropy weaver simulacrum freezes you!
You resist.
The entropy weaver simulacrum completely misses you.
You thump the entropy weaver simulacrum!
The entropy weaver simulacrum is moderately damaged.
The entropy weaver simulacrum completely misses you.
The entropy weaver simulacrum hits you but does no damage.
The entropy weaver simulacrum closely misses you.
You block the entropy weaver simulacrum's attack.
You hit the entropy weaver simulacrum.
The entropy weaver simulacrum is heavily damaged.
You closely miss the entropy weaver simulacrum.
The entropy weaver simulacrum is heavily damaged.
The entropy weaver simulacrum hits you.
The entropy weaver simulacrum freezes you!
You resist.
* * * LOW HITPOINT WARNING * * *
The entropy weaver simulacrum hits you.
* * * LOW HITPOINT WARNING * * *
The entropy weaver simulacrum freezes you!
You resist.
* * * LOW HITPOINT WARNING * * *
The entropy weaver simulacrum hits you!
* * * LOW HITPOINT WARNING * * *
The entropy weaver simulacrum freezes you!
You resist.
You die...

#.'.......'.#.#
###.8...8.###.#
#.'.......'.#.#
#.###.8...8.###.#
#.'...........'.#
#.###.8...8.###.#
#.'.......'.#.#
###Z8...8.###.#
#.'.@.....'.#.#
###'#...#'###'#
#.#...#.#...#
###...###.###
#...#...#
##+#...#'###
#⌠)##'##.⌠#
###44#...#..#
#.####...####.


You could see an entropy weaver simulacrum.

Vanquished Creatures
  Gastronok (D:9)
  A hydra (D:11)
  Pikel (D:7)
  A cyclops (D:8)
  Maurice (D:10)
  Joseph (D:7)
  2 ice statues (IceCv)
  Maggie (D:6)
  Psyche (D:9)
  2 rime drakes (D:11)
  3 kobold demonologists
  2 anaconda simulacra (IceCv)
  6 ice devils (IceCv)
  2 entropy weaver simulacra (IceCv)
  A troll (D:9)
  2 shadows (D:9)
  2 dire elephant simulacra (IceCv)
  Sigmund (D:5)
  4 vampire mosquitoes (D:10)
  A warg (D:11)
  Menkaure (D:6)
  3 harpy simulacra (IceCv)
  A water moccasin (D:7)
  2 orc warriors
  2 ice beasts
  A sky beast (D:6)
  2 black bears (D:7)
  An ogre (D:5)
  2 lemures (D:7)
  9 centaurs
  6 kobold brigands
  4 bullfrogs
  A cane toad simulacrum (IceCv)
  5 scorpions
  A water moccasin zombie (D:6)
  A killer bee (D:7)
  An electric eel (D:6)
  2 howler monkeys
  3 centaur zombies
  5 jellies
  3 orc priests
  3 bullfrog zombies
  2 hounds
  A centaur skeleton (D:5)
  5 iguanas
  7 orc wizards
  A spriggan simulacrum (IceCv)
  A hound skeleton (D:4)
  A howler monkey zombie (D:10)
  5 adders
  3 white imps
  2 ufetubi
  An adder skeleton (D:4)
  2 worms
  2 dart slugs (D:1)
  29 orcs
  8 ball pythons
  10 bats
  10 endoplasms
  5 giant cockroaches
  8 goblins
  6 hobgoblins
  9 quokkas
  4 frilled lizards
  27 kobolds
  8 rats
252 creatures vanquished.

Vanquished Creatures (collateral kills)
  Snorg (D:10)
  A tengu warrior (D:10)
  A tengu conjurer (D:10)
  A kobold brigand (D:9)
  A kobold (D:10)
5 creatures vanquished.

Vanquished Creatures (others)
  8 fungi (D:11)
  4 plants
12 creatures vanquished.

Grand Total: 269 creatures vanquished

Notes
Turn   | Place    | Note
-------+----------+-------------------------------------------
     0 | D:1      | Borgoz the Gargoyle Berserker began the quest for the Orb.
     0 | D:1      | Reached XP level 1. HP: 14/14 MP: 1/1
   250 | D:1      | Reached XP level 2. HP: 19/19 MP: 2/2
   546 | D:1      | Found a faded altar of an unknown god.
   587 | D:1      | Reached XP level 3. HP: 23/23 MP: 3/3
   770 | D:1      | Reached ** piety under Trog
  1897 | D:2      | Reached XP level 4. HP: 27/29 MP: 4/4
  2632 | D:3      | Reached skill level 4 in Fighting
  3294 | D:3      | Reached XP level 5. HP: 33/33 MP: 5/5
  3781 | D:4      | Found a hide-covered altar of Uskayaw.
  3806 | D:4      | Reached XP level 6. HP: 39/39 MP: 6/6
  3964 | D:4      | Identified the ring of Descent {Wiz Int+7 Dex-5 SInv}
  4215 | D:4      | Identified the +1 pair of gloves "Liprauwk" {rPois}
  4225 | D:4      | Found a stormy altar of Qazlal.
  4508 | D:4      | Found a staircase to the Ecumenical Temple.
  4516 | Temple   | Entered the Ecumenical Temple
  4765 | D:5      | Entered Level 5 of the Dungeon
  4794 | D:5      | Noticed Sigmund
  4819 | D:5      | Killed Sigmund
  4820 | D:5      | Reached skill level 5 in Fighting
  4820 | D:5      | Reached XP level 7. HP: 33/44 MP: 7/7
  4917 | D:5      | Found a radiant altar of Vehumet.
  4940 | D:5      | Found Qassumpi's Mayhem Merchandise.
  5049 | D:5      | Reached *** piety under Trog
  5179 | D:5      | Found a glowing drain.
  5213 | Sewer    | Entered a sewer
  5254 | Sewer    | Reached skill level 5 in Maces & Flails
  5595 | D:5      | Reached skill level 5 in Armour
  5698 | D:5      | Reached XP level 8. HP: 51/51 MP: 8/8
  5786 | D:5      | Found a sparkling altar of Nemelex Xobeh.
  5786 | D:5      | Found a shadowy altar of Dithmenos.
  6433 | D:6      | Noticed Menkaure
  6445 | D:6      | Killed Menkaure
  6445 | D:6      | Reached **** piety under Trog
  6446 | D:6      | Reached skill level 6 in Fighting
  6886 | D:6      | Reached XP level 9. HP: 45/56 MP: 9/9
  7245 | D:6      | Reached skill level 7 in Fighting
  7245 | D:6      | Reached skill level 5 in Dodging
  7301 | D:6      | Noticed Maggie
  7315 | D:6      | Killed Maggie
  7543 | D:7      | Found a basalt altar of Yredelemnul.
  7573 | D:7      | Noticed Pikel
  7593 | D:7      | Killed Pikel
  8175 | D:7      | Found a bloodstained altar of Trog.
  8259 | D:7      | Reached skill level 8 in Fighting
  8671 | D:7      | Noticed Joseph
  8684 | D:7      | Killed Joseph
  8685 | D:7      | Reached XP level 10. HP: 51/64 MP: 10/10
  9123 | D:8      | Found an ornate altar of the Wu Jian Council.
  9139 | D:8      | Noticed a cyclops
  9148 | D:8      | Killed a cyclops
 10525 | D:9      | Noticed Gastronok
 10525 | D:9      | Noticed a kobold demonologist
 10547 | D:9      | Noticed a kobold demonologist
 10547 | D:9      | Noticed a kobold demonologist
 10612 | D:9      | Killed a kobold demonologist
 10793 | D:9      | Noticed a soul eater
 10800 | D:8      | Killed a kobold demonologist
 10801 | D:8      | Reached skill level 9 in Fighting
 10851 | D:8      | Killed a kobold demonologist
 11050 | D:9      | Killed Gastronok
 11051 | D:9      | Reached XP level 11. HP: 32/72 MP: 11/11
 11493 | D:9      | Noticed Psyche
 11504 | D:9      | Killed Psyche
 11636 | D:9      | Found a white marble altar of Elyvilon.
 11636 | D:9      | Found a glowing silver altar of Zin.
 11637 | D:9      | Found a glowing golden altar of the Shining One.
 11674 | D:10     | Entered Level 10 of the Dungeon
 11712 | D:10     | Reached skill level 10 in Fighting
 11772 | D:10     | Identified the +7 quarterstaff of Offence {venom, rC+
                  | Will+}
 11789 | D:10     | Noticed Maurice
 11791 | D:10     | Paralysed by Maurice for 3 turns
 11805 | D:10     | Noticed a tengu warrior
 11827 | D:10     | Killed a tengu warrior
 11855 | D:10     | Killed Maurice
 11856 | D:10     | Reached skill level 10 in Armour
 12262 | D:10     | Noticed Snorg
 12271 | D:10     | Killed Snorg
 12625 | D:11     | Found a staircase to the Orcish Mines.
 12629 | D:11     | Noticed a five-headed hydra
 12646 | D:11     | Noticed a four-headed hydra
 12713 | D:11     | Noticed an eight-headed hydra
 12810 | D:11     | Killed a five-headed hydra
 12811 | D:11     | Found an opulent altar of Gozag.
 12813 | D:11     | Found a frozen archway.
 12877 | IceCv    | Entered an ice cave
 13216 | IceCv    | Reached skill level 10 in Maces & Flails
 13277 | IceCv    | Reached XP level 12. HP: 79/79 MP: 12/12
 13417 | IceCv    | Reached skill level 11 in Fighting
 14662 | IceCv    | Slain by an entropy weaver simulacrum

Illustrated notes

Levels and vault maps discovered:
D:1:      dpeg_cavernosity, layout_loops_ring,
          hellmonk_ecumenical_altar_heavens_door, minmay_pentomino_o2
D:2:      layout_loops_corners
D:3:      layout_loops_corners, serial_glass, glass_columns_b, glass_columns_b,
          glass_columns_b, glass_columns_c, due_unseen_surprise,
          item_on_display_b, item_on_display_a, serial_bayou_lagoon_b
D:4:      layout_loops_cross, kennysheep_mini, nicolae_qazlal_general_emergency,
          minmay_temple_entry_junction, minmay_misc_feat_hallway
D:5:      layout_basic, mainiacjoe_overflow_surrounded_room,
          gammafunk_temple_overflow_statue, gup_sewer_entry_pipe, serial_glass,
          glass_columns_b, glass_columns_c, minmay_shop_mayhem, uniq_sigmund
D:6:      layout_loops_cross, minivault_14, uniq_maggie, uniq_menkaure
D:7:      layout_basic, old_standard_altar,
          mainiacjoe_overflow_concentric_impassable, kennysheep_generic_room_9,
          uniq_pikel, uniq_joseph
D:8:      layout_basic, mainiacjoe_overflow_brackets, centaur_isle
D:9:      layout_cross, good_gods_temple_1, serial_park_tiny_1, uniq_psyche,
          uniq_gastronok
D:10:     layout_long_grid, eino_small_chamber_without_monster,
          serial_bayou_pond_c, uniq_snorg, uniq_maurice
D:11:     layout_cave_pools, grunt_lair_entry_orc_guard_hut, david_orc_3,
          portal_ice_cave_rime, nicolae_gozag_cash_rules_everything_around_me
Temple:   minmay_temple_curvy_loop
IceCv:    ice_cave_tombish

Skill      XL: |  1  2  3  4  5  6  7  8  9 10 11 12 |
---------------+-------------------------------------+-----
Dodging        | 2 3 4 6 7 8 |  8.5
Armour         | 3 4 5 6 8 9 10 | 10.9
Fighting       | 4 5 6 8 9 10 11 | 11.1
Maces & Flails | 4 5 6 7 9 10 | 10.3

Action                   |  1- 3 |  4- 6 |  7- 9 | 10-12 || total
-------------------------+-------+-------+-------+-------++-------
Melee: Mace              |   115 |   121 |       |       ||   236
       Flail             |       |    67 |   416 |   441 ||   924
Invok: Berserk           |       |     4 |     8 |    20 ||    32
       Trog's Hand       |       |     2 |     1 |     2 ||     5
       Brothers in Arms  |       |       |       |     4 ||     4
Evoke: Wand              |       |       |       |    16 ||    16
  Use: Scroll            |       |     8 |    10 |     7 ||    25
       Potion            |       |       |       |     1 ||     1
 Stab: Sleeping          |     1 |       |     1 |     1 ||     3
Armor: Ring mail         |    39 |    70 |   133 |   113 ||   355
       Animal skin       |     1 |       |       |       ||     1
       Steam dragon scal |       |       |    67 |   159 ||   226
Dodge: Dodged            |    95 |   148 |   417 |   521 ||  1181
Block: Other             |       |       |       |    83 ||    83
       Reflection        |       |       |       |     4 ||     4
